 Dungeon Crawl Stone Soup version 0.21-a0-142-gdd972a7 (webtiles) character file.

2202 sagitran the Chopper (level 9, -3/69 HPs)
             Began as a Demonspawn Abyssal Knight on July 24, 2017.
             Was an Elder of Lugonu.
             Slain by a cyan ugly thing (17 damage)
             ... on level 8 of the Dungeon.
             The game lasted 00:39:02 (8499 turns).

sagitran the Chopper (Demonspawn Abyssal Knight)    Turns: 8499, Time: 00:39:02

Health: -3/69      AC:  5    Str: 16    XL:     9   Next: 12%
Magic:  10/10      EV: 13    Int: 14    God:    Lugonu [****..]
Gold:   311        SH:  0    Dex: 12    Spells: 5/8 levels left

rFire    . . .     SeeInvis .   C - +2 war axe (freeze)
rCold    + . .     Gourm    .   (no shield)
rNeg     . . .     Faith    .   m - +0 troll leather armour {Purgy}
rPois    +         Spirit   .   (helmet restricted)
rElec    .         Reflect  .   (no cloak)
rCorr    .         Harm     .   (no gloves)
MR       .....                  G - +0 pair of boots
Stlth    +++.......             M - amulet of rage
HPRegen  0.61/turn              K - ring of poison resistance
MPRegen  0.12/turn              E - ring of stealth

@: no status effects
A: antennae 1, cold resistance 1, demonic guardian 1, sturdy frame 2
a: Depart the Abyss, Bend Space, Banish, Corrupt, Renounce Religion, Evoke
Berserk Rage


You were on level 8 of the Dungeon.
You worshipped Lugonu.
Lugonu was greatly pleased with you.
You were not hungry.

You visited 1 branch of the dungeon, and saw 9 of its levels.
You visited the Abyss 1 time.
You also visited: Sewer and Ossuary.

You collected 311 gold pieces.

Inventory:

Hand Weapons
 C - a +2 war axe of freezing (weapon)
Missiles
 u - 7 poisoned javelins (quivered)
 O - 8 tomahawks
Armour
 b - a +0 leather armour
 e - a +0 ring mail
 m - a +0 troll leather armour (worn) {Purgy}
 G - a +0 pair of boots (worn)
Jewellery
 t - an uncursed amulet of regeneration
 z - an uncursed ring of wizardry
 E - a ring of stealth (right hand)
 K - a ring of poison resistance (left hand)
 M - an amulet of rage (around neck)
Wands
 c - a wand of polymorph (12/24)
 d - a wand of polymorph (18/24)
 P - a wand of polymorph (3/24)
Scrolls
 j - a scroll of recharging {unknown}
 k - 6 scrolls of fog
 n - 7 scrolls of teleportation
 o - a scroll of immolation {unknown}
 s - a scroll of enchant weapon {unknown}
 v - 2 scrolls of fear {unknown}
 w - a scroll of magic mapping {unknown}
 y - 3 scrolls of amnesia {unknown}
 A - 4 scrolls of remove curse {unknown}
 B - 3 scrolls of random uselessness {unknown}
 F - 3 scrolls of identify
 J - a scroll of enchant armour {unknown}
Potions
 a - 3 potions of agility {unknown}
 g - a potion of flight
 l - a potion of degeneration {unknown}
 p - 2 potions of haste
 r - 2 potions of might {unknown}
 x - a potion of brilliance {unknown}
 D - 3 potions of curing {unknown}
 I - 2 potions of mutation {unknown}
 L - a potion of lignification
 N - 2 potions of magic {unknown}
Books
 H - a book of Misfortune

   Spells                             Type                      Level
   a - Confusing Touch                Hexes                        1
   b - Confuse                        Hexes                        3
   c - Gell's Gravitas                Translocation                3
   d - Petrify                        Transmutation/Earth          4
   e - Metabolic Englaciation         Hexes/Ice                    5
   f - Yara's Violent Unravelling     Hexes/Transmutation          5
Comestibles
 f - 4 meat rations
 i - 3 royal jellies
 q - 3 bread rations


   Skills:
 + Level 6.0 Fighting
 + Level 7.7 Axes
 + Level 0.1 Throwing
 + Level 4.1 Armour
 + Level 3.7 Dodging
 + Level 3.1 Stealth
 + Level 1.3 Unarmed Combat
 + Level 2.6 Invocations
 + Level 0.6 Evocations


You had 5 spell levels left.
You knew the following spells:

 Your Spells              Type           Power        Failure   Level  Hunger
a - Confuse               Hex            #.......     65%         3    ####...


Dungeon Overview and Level Annotations

Branches:
Dungeon (9/15)             Temple (0/1) D:6             Orc (0/2) D:9
   Lair: D:8-11

Altars:
Dithmenos
Hepliaklqana
Nemelex Xobeh
Qazlal
Ru
Sif Muna
Trog
Uskayaw
Wu Jian
The Shining One

Annotations:
D:8 Joseph


Innate Abilities, Weirdness & Mutations

You have a pair of small antennae on your head.
Your flesh is cold resistant. (rC+)
A weak demonic guardian rushes to your aid.
Your movements are less encumbered by armour. (ER -4)


Message History

Press: ? - help, v - describe, . - travel
Here: a cyan ugly thing (lightly wounded, poisoned)
The floor.
You barely miss the cyan ugly thing.
The cyan ugly thing is lightly wounded.
The cyan ugly thing bites you but does no damage.
You closely miss the cyan ugly thing.
The cyan ugly thing is lightly wounded.
The cyan ugly thing bites you! The cyan ugly thing shocks you!
Your shadow imp hits the cyan ugly thing but does no damage.
You hit the cyan ugly thing. You freeze the cyan ugly thing.
The cyan ugly thing is lightly wounded.
The cyan ugly thing bites you! The cyan ugly thing shocks you!
Your shadow imp hits the cyan ugly thing.
You hit the cyan ugly thing. You freeze the cyan ugly thing.
The cyan ugly thing is lightly wounded.
The cyan ugly thing bites you!
* * * LOW HITPOINT WARNING * * *
The cyan ugly thing shocks you!
You die...

#......... ..#
#.....#.## #.#
##...## # #.#
##### #.# #(#
#.# #.# #5# #.#
#u# #######.#
#@#####.....#.#
#.....#.###.#.#
#####.#.# #.#.#
#.#.# #<#.####
#.#.# #.......
#.#.# #.......
#...# #.#.####
#.### #.#.# #.#
#.#.. #


You could see a cyan ugly thing and a friendly shadow imp.

Vanquished Creatures
  Grinder (D:4)
  A wraith (Ossuary)
  Purgy (Sewer)
  2 orc warriors (D:7)
  An ice beast (D:7)
  A phantom (D:5)
  An ogre (D:5)
  A centaur (D:9)
  2 bullfrogs
  A wight (D:5)
  A howler monkey (D:7)
  2 crimson imps (D:7)
  A centaur zombie (D:4)
  3 hounds
  A centaur skeleton (D:4)
  3 orc priests
  An iguana (D:7)
  4 orc wizards
  5 worker ants
  A killer bee zombie (D:5)
  A hound skeleton (D:5)
  3 mummies (Ossuary)
  2 gnolls (D:1)
  12 adders
  A shadow imp (D:7)
  3 oozes (D:3)
  2 adder skeletons
  An adder zombie (D:4)
  A worm (D:3)
  A dart slug (D:1)
  7 leopard geckos
  19 orcs
  6 ball pythons
  5 bats
  6 giant cockroaches
  4 goblins
  8 hobgoblins
  2 jackals (D:7)
  8 frilled lizards
  3 goblin zombies (Ossuary)
  3 hobgoblin zombies (Ossuary)
  2 jackal skeletons
  4 kobolds
  A kobold zombie (Ossuary)
  A leopard gecko zombie (D:5)
  3 quokka zombies (D:4)
  3 rats
146 creatures vanquished.

Vanquished Creatures (collateral kills)
  An ice beast (D:5)
  A centaur (D:5)
  2 wights (D:5)
  A centaur zombie (D:4)
  An orc priest (D:4)
  A worker ant (D:9)
  2 worker ant zombies
  An orc (D:7)
  A frilled lizard (D:4)
11 creatures vanquished.

Vanquished Creatures (others)
  A goblin (D:2)
  A hobgoblin (D:2)
  A rat (D:2)
3 creatures vanquished.

Grand Total: 160 creatures vanquished

Notes
Turn   | Place    | Note
-------+----------+-------------------------------------------
     0 | Abyss:1  | sagitran the Demonspawn Abyssal Knight began the quest for the Orb.
     0 | Abyss:1  | Reached XP level 1. HP: 18/18 MP: 2/2
     0 | D:1      | Escaped the Abyss
   248 | D:1      | Gained mutation: A weak demonic guardian rushes to your aid. [demonic ancestry]
   248 | D:1      | Reached XP level 2. HP: 3/24 MP: 3/3
   583 | D:1      | Reached skill level 2 in Axes
   668 | D:1      | Gained mutation: You have a pair of small antennae on your head. [demonic ancestry]
   668 | D:1      | Reached XP level 3. HP: 15/30 MP: 4/4
   867 | D:1      | Reached * piety under Lugonu
  2264 | D:3      | Found a hide-covered altar of Uskayaw.
  2265 | D:3      | Noticed a dagger
  2265 | D:3      | Noticed a hand axe
  2271 | D:3      | Reached skill level 1 in Dodging
  2274 | D:3      | Gained mutation: Your flesh is cold resistant. (rC+) [demonic ancestry]
  2274 | D:3      | Reached XP level 4. HP: 27/37 MP: 5/5
  2849 | D:3      | Found a glowing golden altar of the Shining One.
  2992 | D:3      | Reached skill level 3 in Axes
  3411 | D:3      | Reached ** piety under Lugonu
  3541 | D:4      | Gained mutation: Your movements are slightly less encumbered by armour. (ER -2) [demonic ancestry]
  3541 | D:4      | Reached XP level 5. HP: 42/42 MP: 6/6
  3782 | D:4      | Found a stormy altar of Qazlal.
  3793 | D:4      | Reached skill level 1 in Stealth
  3797 | D:4      | Gained mutation: Your movements are less encumbered by armour. (ER -4) [demonic ancestry]
  3797 | D:4      | Reached XP level 6. HP: 30/49 MP: 7/7
  3945 | D:4      | Found a deep blue altar of Sif Muna.
  3981 | D:4      | Reached skill level 4 in Axes
  4009 | D:4      | Found a glowing drain.
  4024 | Sewer    | Entered a sewer
  4073 | Sewer    | Noticed Purgy
  4101 | Sewer    | Killed Purgy
  4320 | D:4      | Noticed Grinder
  4354 | D:4      | Paralysed by Grinder for 3 turns
  4364 | D:4      | Killed Grinder
  4364 | D:4      | Reached XP level 7. HP: 40/55 MP: 8/8
  4518 | D:5      | Entered Level 5 of the Dungeon
  4595 | D:4      | Reached skill level 5 in Axes
  4731 | D:5      | Reached skill level 5 in Fighting
  4810 | D:5      | Reached *** piety under Lugonu
  4810 | D:5      | Reached skill level 1 in Unarmed Combat
  4988 | D:5      | Reached XP level 8. HP: 49/62 MP: 9/9
  5280 | D:5      | Reached skill level 6 in Axes
  5873 | D:6      | Found a hazy altar of Hepliaklqana.
  5873 | D:6      | Found a sacrificial altar of Ru.
  5879 | D:6      | Found a faded altar of an unknown god.
  5906 | D:6      | Found an ornate altar of the Wu Jian Council.
  5907 | D:6      | Found a sparkling altar of Nemelex Xobeh.
  6049 | D:6      | Found a bloodstained altar of Trog.
  6140 | D:6      | Found a sand-covered staircase.
  6147 | Ossuary  | Entered an ossuary
  6248 | Ossuary  | Learned a level 3 spell: Confuse
  6602 | D:6      | Found a staircase to the Ecumenical Temple.
  7546 | D:7      | Reached skill level 7 in Axes
  7744 | D:7      | Found a shadowy altar of Dithmenos.
  8055 | D:7      | You fall through a shaft for 2 floors!
  8056 | D:9      | Noticed a troll
  8072 | D:9      | Reached XP level 9. HP: 17/69 MP: 10/10
  8233 | D:9      | Found a staircase to the Orcish Mines.
  8238 | D:8      | Noticed Joseph
  8282 | D:7      | Reached **** piety under Lugonu
  8487 | D:8      | Noticed a cyan ugly thing
  8499 | D:8      | Slain by a cyan ugly thing

Vault maps used:
D:1:      lightli_arrival_windingriver, serial_park_tiny_1
D:2:      lemuel_old_faithful
D:3:      nicolae_tso_carved_into_rock, dancing_weapons_uskayaw, first_bread,
          st_stairs_4
D:4:      old_standard_altar, serial_undead, serial_undead_b, serial_undead_e,
          serial_undead_a, serial_undead_e, serial_undead_c, serial_undead_c,
          portal_sewer_entry_d, led_sif_pool, uniq_grinder
D:6:      chequers_temple_overflow_minitemple, temple_statues,
          chequers_ossuary_entry_cave, trog_book
D:7:      nicolae_dithmenos_the_darkroom
D:8:      serial_shops, kennysheep_mini, nicolae_sextant, uniq_joseph
D:9:      kennysheep_mini_moat, orc_0_dummy, grunt_livestock
Sewer:    sewer_co_purgy_island
Ossuary:  ossuary_kennysheep_city_of_the_dead

Skill      XL: |  1  2  3  4  5  6  7  8  9 |
---------------+----------------------------+-----
Axes           | 2 3 4 5 7 |  7.7
Armour         | 2 3 4 |  4.1
Dodging        | 1 2 3 |  3.7
Fighting       | 4 5 6 |  6.0
Stealth        | 1 3 |  3.1
Unarmed Combat | 1 |  1.3
Throwing       | |  0.1
Invocations    | |  2.6
Evocations     | |  0.6

Action                   |  1- 3 |  4- 6 |  7- 9 || total
-------------------------+-------+-------+-------++-------
Melee: Hand axe          |    85 |   255 |    50 ||   390
       Unarmed           |       |    12 |       ||    12
       War axe           |       |       |   180 ||   180
       Punch             |       |       |     1 ||     1
Throw: Javelin           |       |     1 |     1 ||     2
Invok: Depart the Abyss  |     1 |       |       ||     1
 Abil: Evoke Berserk Rag |       |       |     1 ||     1
  Use: Potion            |       |     3 |     3 ||     6
       Scroll            |       |     4 |       ||     4
 Stab: Distracted        |       |     2 |     1 ||     3
       Sleeping          |       |       |     4 ||     4
  Eat: Meat ration       |     1 |     1 |     1 ||     3
       Bread ration      |     1 |       |     1 ||     2
       Fruit             |       |       |     4 ||     4
Armor: Leather armour    |     3 |       |       ||     3
       Ring mail         |    33 |    81 |       ||   114
       Skin              |       |    50 |     7 ||    57
       Troll leather arm |       |     8 |    49 ||    57
Dodge: Dodged            |    45 |   191 |   162 ||   398
